 Dungeon Crawl Stone Soup version 0.26-a0-284-g73c0fb6129 (webtiles) character file.

Game seed: 7973166544668861931

144 Infinimo the Cudgeler (level 5, -1/47 HPs)
             Began as a Minotaur Berserker on July 13, 2020.
             Was a Believer of Trog.
             Slain by a worker ant (5 damage)
             ... on level 3 of the Dungeon.
             The game lasted 00:03:44 (3416 turns).

Infinimo the Cudgeler (Minotaur Berserker)          Turns: 3416, Time: 00:03:44

Health: -1/47      AC:  3    Str: 23    XL:     5   Next: 5%
Magic:  4/4        EV: 12    Int:  4    God:    Trog [**....]
Gold:   106        SH:  0    Dex:  9    Spells: 4/4 levels left

rFire    . . .     SeeInvis .   o - +0 flail
rCold    . . .     Faith    .   (no shield)
rNeg     . . .     Spirit   .   b - +1 animal skin
rPois    .         Reflect  .   (helmet restricted)
rElec    .         Harm     .   (no cloak)
rCorr    .                      (no gloves)
MR       .....                  (no boots)
Stlth    +.........             (no amulet)
HPRegen  0.15/turn              (no ring)
MPRegen  0.09/turn              (no ring)

@: lethally poisoned (-1 -> -4)
A: retaliatory headbutt, horns 2
a: Berserk, Trog's Hand, Renounce Religion


You were on level 3 of the Dungeon.
You worshipped Trog.
Trog was pleased with you.
You visited 1 branch of the dungeon, and saw 4 of its levels.

You collected 106 gold pieces.

Inventory:

Hand Weapons
 o - a +0 flail (weapon)
Armour
 b - a +1 animal skin (worn)
Wands
 c - a wand of acid (4)
 m - a wand of iceblast (8)
Scrolls
 a - 2 scrolls of teleportation
 e - 5 scrolls of remove curse
 n - a scroll of blinking
Potions
 f - 2 potions of stabbing
 g - 2 potions of flight {unknown}
 h - 2 potions of might {unknown}
 i - a potion of curing {unknown}
 l - 2 potions of lignification {unknown}


   Skills:
 + Level 4.6 Fighting
 * Level 5.5 Maces & Flails
 + Level 3.8 Armour
 - Level 2.1 Dodging


You had 4 spell levels left.
You didn't know any spells.
Your spell library was empty.

Dungeon Overview and Level Annotations

Branches:
Dungeon (4/15)
 Temple: D:4-7

Altars:


Innate Abilities, Weirdness & Mutations

You reflexively headbutt those who attack you in melee.
You have a pair of horns on your head.


Message History

The worker ant bites you.
* * * LOW HITPOINT WARNING * * *
The worker ant is lightly wounded.
You furiously retaliate!
You headbutt the worker ant, but do no damage.
You headbutt the worker ant.
The worker ant is moderately wounded.
The worker ant is moderately wounded.
The worker ant bites you.
* * * LOW HITPOINT WARNING * * *
The worker ant is moderately wounded.
The worker ant bites you.
* * * LOW HITPOINT WARNING * * *
You are poisoned.
The worker ant poisons you! You furiously retaliate!
You headbutt the worker ant, but do no damage.
The worker ant is moderately wounded.
* * * LOW HITPOINT WARNING * * *
You feel sick. The worker ant bites you.
You die...

##...............##.§§§§§......#
###.............######§#####...#
####...........##...§§§§.......#
...##.........##..##########.#.##
######.......###..# #............
# ###'''### #..###.########### #
#.....# #..#........# #
#..########..#.#.####.#
######.#.......a@...#.# #.#
.........######...#.#.# #.# ###
##.###..............#.# #.# #..
#.# ##########...###.# #.# #.#
#.#############.####.# #.# #.#
#.##..........)......# #.# #.#
#.##.#########.#...### #.# #.#
#.#...# #...#.# #.####.# #...#.#
#####.# #......#


You could see a worker ant.

Vanquished Creatures
  An orc wizard (D:3)
  A gnoll (D:4)
  An adder (D:3)
  An ooze (D:2)
  3 worms
  2 dart slugs
  11 orcs
  4 giant cockroaches
  4 hobgoblins
  7 jackals
  2 quokkas (D:3)
  A ball python (D:3)
  7 bats
  7 frilled lizards
  7 goblins
  6 kobolds
  6 rats
71 creatures vanquished.

Notes
Turn   | Place    | Note
-------+----------+-------------------------------------------
     0 | D:1      | Infinimo the Minotaur Berserker began the quest for the
                  | Orb.
     0 | D:1      | Reached XP level 1. HP: 19/19 MP: 0/0
   191 | D:1      | Reached skill level 4 in Maces & Flails
   463 | D:1      | Reached XP level 2. HP: 27/27 MP: 1/1
   636 | D:1      | Reached ** piety under Trog
  1195 | D:2      | Reached XP level 3. HP: 33/33 MP: 2/2
  2372 | D:3      | Reached XP level 4. HP: 40/40 MP: 3/3
  2374 | D:3      | Reached skill level 5 in Maces & Flails
  3386 | D:4      | Reached XP level 5. HP: 26/47 MP: 4/4
  3416 | D:3      | Slain by a worker ant

Illustrated notes

Levels and vault maps discovered:
D:1:      lemuel_arrival_tunnels, layout_basic
D:2:      layout_basic, minmay_tromino_i4
D:3:      layout_loops_ring, kennysheep_cluttered_room, minmay_splitting_lines
D:4:      layout_loops_ring

Skill      XL: |  1  2  3  4 |
---------------+-------------+-----
Maces & Flails | 4 5 |  5.5
Fighting       | 4 |  4.6
Armour         | 3 |  3.8
Dodging        | |  2.1

Action                   |  1- 3 |  4- 6 || total
-------------------------+-------+-------++-------
Melee: Mace              |    83 |    32 ||   115
       Headbutt          |     7 |     6 ||    13
       Flail             |       |    17 ||    17
Invok: Berserk           |     8 |     1 ||     9
  Use: Scroll            |     5 |     4 ||     9
 Stab: Sleeping          |       |     1 ||     1
Armor: Animal skin       |     9 |     9 ||    18
Dodge: Dodged            |    50 |    40 ||    90

Table legend:
 A = Non-vault XP
 B = Vault XP
 C = Vault XP percentage of total XP
 D = Non-vault monster count
 E = Vault monster count
 F = Vault count percentage of total count
                 A         B        C        D         E       F
            +---------+---------+-------+---------+---------+-------
      Total |     204 |       3 |   1.4 |      69 |       2 |   2.8
            +---------+---------+-------+---------+---------+-------
        D:1 |      32 |       0 |   0.0 |      20 |       0 |   0.0
        D:2 |      30 |       3 |   9.1 |      14 |       2 |  12.5
        D:3 |     124 |       0 |   0.0 |      33 |       0 |   0.0
        D:4 |      18 |       0 |   0.0 |       2 |       0 |   0.0
            +---------+---------+-------+---------+---------+-------
